 Dungeon Crawl Stone Soup version 0.31-a0-431-g88bdf31460 (webtiles) character file.

Game seed: 7421364171458155538

1817108 Shard1697 the Naga Barricade (level 27, 265/265 HPs)
             Began as a Naga Gladiator on Aug 1, 2023.
             Was an Initiate of Gozag.
             Escaped with the Orb
             ... and 3 runes!
             The game lasted 01:24:51 (57929 turns).

Shard1697 the Naga Barricade (Naga Gladiator)      Turns: 57929, Time: 01:24:51

Health: 265/265    AC: 62    Str: 40    XL:     27
Magic:  23/23      EV: 16    Int:  5    God:    Gozag
Gold:   20839      SH: 30    Dex: 23    Spells: 26/26 levels left

rFire   + . .        a - +18 lance "Wyrmbane" {slay drac, rPois rF+ rC+ AC+3}
rCold   + + +        l - +3 tower shield
rNeg    + . .        K - +14 plate armour "Keowyel" {rN+ Will+ Int-3}
rPois   +            x - +2 hat of Blue Salvation {Drain rC+ Str+6 Dex+3}
rElec   +            F - +2 cloak
rCorr   .            H - +3 pair of gauntlets of War {Slay+5}
SInv    +            M - +4 barding
Will    ++++.        N - amulet "Ogebeo" {Spirit Slay+2}
Stlth   +            t - ring of Grace {*Slow AC+4 Str+5 Dex+5}
HPRegen 0.64/turn    y - ring "Eletae" {+Blink rElec rC++ EV+5 Str+2}
MPRegen 0.18/turn

%: slow self (1%), guardian spirit
@: studying 2 skills, very slow
A: AC +9, large, see invisible, deformed body, poison resistance, slowness 2,
spit poison 2, naga tail 2, dopey 1, mutation resistance 1, screaming 1,
inability to read after injury 1
0: Orb of Zot
}: 3/15 runes: barnacled, silver, gossamer
a: Breathe Poison Gas, Renounce Religion, Evoke Blink, Potion Petition, Call
Merchant, Bribe Branch


You escaped.
You worshipped Gozag.
Gozag was extremely pleased with you.
You visited 8 branches of the dungeon, and saw 44 of its levels.
You visited 1 bazaar.

You collected 27008 gold pieces.
You spent 5381 gold pieces at shops.
You paid 788 gold pieces to Gozag.

Inventory:

Hand Weapons
 a - the +18 lance "Wyrmbane" (weapon) {slay drac, rPois rF+ rC+ AC+3}
   (You took it off Maggie on level 6 of the Dungeon)

   AC:        It affects your AC (+3).
   rF:        It protects you from fire.
   rC:        It protects you from cold.
   rPois:     It protects you from poison.
Missiles
 i - 12 javelins
 q - 8 silver javelins
 T - 7 throwing nets
Armour
 c - the +0 pair of fencer's gloves {Riposte Dex+3}
   (You acquired it on level 4 of the Shoals)

   Riposte:   It allows the wearer to riposte with melee weapons, swiftly
   retaliating against missed or blocked melee attacks.
   Dex:       It affects your dexterity (+3).
 l - a +3 tower shield (worn)
 x - the +2 hat of Blue Salvation (worn) {Drain rC+ Str+6 Dex+3}
   (You bought it in a shop on level 4 of the Shoals)

   Str:       It affects your strength (+6).
   Dex:       It affects your dexterity (+3).
   rC:        It protects you from cold.
   Drain:     It drains your maximum health when unequipped.
 F - a +2 cloak (worn)
 H - the +3 pair of gauntlets of War (worn) {Slay+5}
   (You bought it in a shop in a bazaar)

   Slay:      It affects your accuracy & damage with ranged weapons and melee
   (+5).
 K - the +14 plate armour "Keowyel" (worn) {rN+ Will+ Int-3}
   (You bought it in a shop on level 14 of the Dungeon)

   Int:       It affects your intelligence (-3).
   rN:        It protects you from negative energy.
   Will:      It increases your willpower.
 M - a +4 barding (worn)
Jewellery
 b - a ring of flight
 t - the ring of Grace (left hand) {*Slow AC+4 Str+5 Dex+5}
   (You found it on level 3 of the Shoals)

   [ring of protection]

   AC:        It affects your AC (+4).
   Str:       It affects your strength (+5).
   Dex:       It affects your dexterity (+5).
   *Slow:     It may slow you when you take damage.
 w - an amulet of regeneration
 y - the ring "Eletae" (right hand) {+Blink rElec rC++ EV+5 Str+2}
   (You found it on level 7 of the Dungeon)

   [ring of evasion]

   EV:        It affects your evasion (+5).
   Str:       It affects your strength (+2).
   rC:        It greatly protects you from cold.
   rElec:     It insulates you from electricity.
   +Blink:    It lets you blink.
 G - the ring "Zihexta" {rF+ rCorr Str+4}
   (You acquired it on level 4 of the Shoals)

   [ring of resist corrosion]

   Str:       It affects your strength (+4).
   rF:        It protects you from fire.
   rCorr:     It protects you from acid and corrosion.
 N - the amulet "Ogebeo" (around neck) {Spirit Slay+2}
   (You acquired it on level 12 of the Dungeon)

   [amulet of guardian spirit]

   It causes incoming damage to be divided between your reserves of health and
   magic.
   Slay:      It affects your accuracy & damage with ranged weapons and melee
   (+2).
 U - the ring of the Tortoise {AC+8}
   (You found it on level 5 of the Vaults)

   [ring of protection]

   AC:        It affects your AC (+8).
Wands
 j - a wand of polymorph (25)
 k - a wand of iceblast (34)
 o - a wand of mindburst (33)
 p - a wand of flame (96)
 J - a wand of digging (5)
 P - a wand of charming (17)
 Q - a wand of quicksilver (5)
Scrolls
 h - 28 scrolls of identify
 r - 2 scrolls of fear
 v - 3 scrolls of revelation
 z - 5 scrolls of vulnerability
 B - a scroll of blinking
 C - 14 scrolls of teleportation
 D - 2 scrolls of silence
 I - 4 scrolls of fog
 Z - 2 scrolls of poison
Potions
 d - a potion of might
 e - 15 potions of curing
 f - a potion of resistance
 g - 13 potions of brilliance
 m - 4 potions of haste
 n - 17 potions of heal wounds
 s - a potion of mutation
 u - 2 potions of enlightenment
 A - 3 potions of cancellation
 E - 5 potions of lignification
 L - a potion of invisibility
 R - 10 potions of ambrosia
 S - 3 potions of berserk rage
 W - a potion of magic
Miscellaneous
 V - a box of beasts (inert)


   Skills:
 + Level 19.0 Fighting
 - Level 9.4(15.2) Axes
 - Level 18.8(19.6) Polearms
 - Level 1.7 Throwing
 - Level 14.7 Armour
 - Level 9.6 Dodging
 - Level 11.1 Stealth
 O Level 27 Shields
 - Level 15.1 Evocations


You had 26 spell levels left.
You didn't know any spells.
Your spell library contained the following spells:

 Spells                   Type           Power      Damage    Failure   Level
 Apportation              Tloc           0%         N/A       89%         1
 Freeze                   Ice            0%         1d3       89%         1
 Kiss of Death            Conj/Necr      0%         2d5       89%         1
 Magic Dart               Conj           0%         1d3       89%         1
 Slow                     Hex            0%         N/A       89%         1
 Blink                    Tloc           0%         N/A       96%         2
 Call Imp                 Summ           0%         N/A       96%         2
 Cigotuvi's Dreadful Rot  Necr/Pois/Air  0%         N/A       96%         2
 Lesser Beckoning         Tloc           0%         N/A       96%         2
 Momentum Strike          Conj/Tloc      0%         3d8       96%         2
 Static Discharge         Conj/Air       0%         2-2/arc   96%         2
 Sublimation of Blood     Necr           0%         N/A       96%         2
 Wereblood                Tmut           0%         N/A       96%         2
 Confusing Touch          Hex            0%         N/A       99%         3
 Dazzling Flash           Conj/Hex       0%         N/A       99%         3
 Frozen Ramparts          Ice            0%         1d1       99%         3
 Hailstorm                Conj/Ice       0%         3d3       99%         3
 Ignite Poison            Fire/Tmut/Pois 0%         N/A       99%         3
 Inner Flame              Hex/Fire       0%         N/A       99%         3
 Mephitic Cloud           Conj/Pois/Air  0%         N/A       99%         3
 Ozocubu's Armour         Ice            0%         N/A       99%         3
 Vampiric Draining        Necr           0%         2d6       99%         3
 Vhi's Electric Charge    Tloc/Air       0%         N/A       99%         3
 Volatile Blastmotes      Fire/Tloc      0%         2d10      99%         3
 Airstrike                Air            0%         2d(0-16)  100%        4
 Dispel Undead            Necr           0%         3d6       100%        4
 Flame Wave               Conj/Fire      0%         2d4       100%        4
 Fulminant Prism          Conj/Hex       0%         3d5       100%        4
 Iskenderun's Mystic Bla  Conj/Tloc      0%         2d3       100%        4
 Leda's Liquefaction      Hex/Erth       0%         N/A       100%        4
 Sticky Flame             Conj/Fire      0%         2d3       100%        4
 Summon Ice Beast         Ice/Summ       0%         N/A       100%        4
 Summon Lightning Spire   Summ/Air       0%         N/A       100%        4
 Agony                    Necr           0%         N/A       100%        5
 Alistair's Intoxication  Tmut/Pois      0%         N/A       100%        5
 Arcjolt                  Conj/Air       0%         1d10      100%        5
 Borgnjor's Vile Clutch   Necr/Erth      0%         N/A       100%        5
 Fireball                 Conj/Fire      0%         3d3       100%        5
 Freezing Cloud           Conj/Ice/Air   0%         6-21      100%        5
 Iskenderun's Battlesphe  Conj           0%         2d6       100%        5
 Lee's Rapid Deconstruct  Erth           0%         3d4*      100%        5
 Silence                  Hex/Air        0%         N/A       100%        5
 Summon Forest            Summ/Tloc      0%         N/A       100%        5
 Summon Mana Viper        Hex/Summ       0%         N/A       100%        5
 Conjure Ball Lightning   Conj/Air       0%         3x3d6     100%        6
 Death Channel            Necr           0%         N/A       100%        6
 Eringya's Noxious Bog    Tmut/Pois      0%         4d6       100%        6
 Leda's Unmaking          Conj/Erth      0%         9d1       100%        6
 Plasma Beam              Fire/Air       0%         2x1d10    100%        6
 Summon Cactus Giant      Summ           0%         N/A       100%        6
 Malign Gateway           Summ/Tloc      0%         N/A       100%        7
 Orb of Destruction       Conj           0%         9d5       100%        7
 Ozocubu's Refrigeration  Ice            0%         4d7       100%        7
 Summon Hydra             Summ           0%         N/A       100%        7
 Summon Horrible Things   Summ           0%         N/A       100%        8
 Animate Dead             Necr           Unusable   N/A       N/A         4
 Simulacrum               Ice/Necr       Unusable   N/A       N/A         6

Dungeon Overview and Level Annotations

Branches:
Dungeon (15/15)            Temple (0/1) D:5            Lair (5/5) D:9
 Shoals (4/4) Lair:2       Spider (4/4) Lair:3        Slime (0/5) Lair:4
    Orc (2/2) D:9             Elf (0/3) Orc:2        Vaults (5/5) D:14
  Crypt (0/3) Vaults:3     Depths (4/4) D:15            Zot (5/5) Depths:4

Altars:
Ashenzari
Dithmenos
Elyvilon
Gozag
Hepliaklqana
Okawaru
Ru
Trog
Uskayaw
Vehumet
Yredelemnul

Shops:
D:7 *   D:9 [   D:14 [   D:15 (=?   Orc:2 ((*(   Shoals:1 ![:*   Shoals:3 (**[
Shoals:4 [   Zot:3 *   Depths:1 (=*

Portals:
Hell: Depths:1 Depths:2 Depths:4
Abyss: Depths:1 Depths:3 Depths:4
Pandemonium: Depths:1 Depths:2
Ziggurat: Depths:1
Trove: Depths:4 (give 7 potions of haste)

Annotations:
Depths:1 6 transporters
Depths:3 exclusion: orange crystal statue


Innate Abilities, Weirdness & Mutations

Your serpentine skin is tough. (AC +9)
You have supernaturally acute eyesight. (SInv)
Armour fits poorly on your strangely shaped body.
Your system is resistant to poisons. (rPois)
You cover ground very slowly.
You can exhale a cloud of poison.
You can use your snake-like lower body to constrict enemies.
You are dopey. (Int -2)
You are somewhat resistant to further mutation.
You occasionally shout uncontrollably at your foes.
You occasionally lose the ability to read scrolls when taking damage.


Message History

You constrict the chaos spawn.
You kill the chaos spawn!
The chaos spawn degenerates into a cloud of primal chaos!
There is a stone staircase leading up here.
You climb upwards.
There is a stone staircase leading down here.
There is an escape hatch in the ceiling here.
A mysterious force pulls you upwards. The hatch slams shut behind you.
There is a stone staircase leading up here.
You climb upwards.
There is a stone staircase leading down here.
An Ice Fiend comes into view.
You can't go up here!
The Ice Fiend calls on the powers of darkness!
Your body is wracked with pain!
You block the Ice Fiend's attack. x2
You are too injured to fight recklessly!
You are too injured to fight recklessly!
You spit the Ice Fiend like a pig!!! You grab the Ice Fiend.
The Ice Fiend is heavily wounded.
You constrict the Ice Fiend. You impale the Ice Fiend!!
The Ice Fiend is almost dead.
You constrict the Ice Fiend!
You kill the Ice Fiend!
You now have 20839 gold pieces (gained 13).
There is a stone staircase leading up here.
You start resting.
Magic restored.
You start resting.
HP restored.
You climb upwards.
There is a stone staircase leading down here.
There is a stone staircase leading up here.
You climb upwards.
There is a stone staircase leading down here.
There is a large open door here.
There is a large open door here.
There is a staircase leading out of the dungeon here.
You have escaped!

#######......##.##.....#..#
#......##.##..⌠..#..#
#......##.##.....#..#
#......##.##..⌠..'..#
#########.##.....##.#
#.#####'###.# #'####...##.#
#...##...##.# #.@.''.>.##.#
#.(.##...##.# ######...##.#
#...##.# ##.....# #######


There were no monsters in sight!

Vanquished Creatures
  2 dread liches
  3 ancient liches
  3 orbs of fire
  A juggernaut (Depths:4)
  Parghit (Depths:4)
  Frederick (Vaults:4)
  A pandemonium lord (D:15)
  9 Killer Klowns (Zot:5)
  A curse toe (Zot:4)
  Saint Roka (Depths:1)
  6 golden dragons
  A bone dragon (Depths:4)
  2 electric golems (Zot:5)
  Arachne (Spider:4)
  Jorgrun (Shoals:1)
  A walking crystal tome (Zot:1)
  18 tentacled monstrosities
  3 liches
  24 Orb Guardians (Zot:5)
  A Hell Sentinel (D:7)
  Rupert (D:13)
  An Ice Fiend (D:3)
  2 titans (Vaults:4)
  11 death cobs
  6 quicksilver dragons
  2 Executioners
  A kraken (Shoals:3)
  3 sphinxes
  An eldritch tentacle (Zot:5)
  The ghost of Cahom the Warrior, an adept MiBe of Trog (Shoals:3)
  5 tengu reavers
  The ghost of Pileu the Eclecticist, an adept DsFE of Sif Muna (Vaults:4)
  Kirke (Shoals:1)
  14 shadow dragons
  4 draconian monks
  9 storm dragons
  5 draconian knights
  A nargun (Zot:1)
  Roxanne (Shoals:1)
  Ilsuiw (Shoals:4)
  An azure jelly (shapeshifter) (Vaults:3)
  2 emperor scorpions (Spider:4)
  3 iron dragons
  7 frost giants
  11 draconian scorchers
  A balrug (D:11)
  3 spectral juggernauts (Depths:3)
  2 spectral caustic shrikes (Depths:3)
  7 fire giants
  A deep elf sorcerer (Vaults:5)
  8 ghost moths
  8 draconian shifters
  16 vault wardens
  2 draconian stormcallers
  4 orc warlords
  10 ironbound preservers
  2 curse skulls (Vaults:3)
  A broodmother (Spider:4)
  A war gargoyle (Vaults:4)
  3 formless jellyfish
  8 draconian annihilators
  15 green draconians
  3 vampire knights (Depths:3)
  23 very ugly things
  7 stone giants
  8 ironbound thunderhulks
  16 black draconians
  2 deep elf demonologists (Vaults:5)
  13 dire elephants
  5 spectral titans (Depths:3)
  11 spark wasps
  12 purple draconians
  Azrael (D:12)
  15 yellow draconians
  18 white draconians
  10 red draconians
  An eidolon (Depths:3)
  A green death (Depths:1)
  Josephine (D:10)
  3 deep elf death magi
  8 fire dragons
  15 merfolk impalers
  A crystal guardian (Vaults:4)
  13 great orbs of eyes
  9 ettins
  4 deep elf high priests
  3 spectral golden dragons (Depths:3)
  14 yaktaur captains
  9 entropy weavers
  3 merfolk javelineers
  4 hydras
  6 ice dragons
  A spectral spriggan (Depths:3)
  A peacekeeper (Vaults:4)
  29 vault guards
  Fannar (Lair:1)
  2 alligator snapping turtles
  A jorogumo (shapeshifter) (Depths:2)
  3 ironbound frosthearts
  7 ogre magi
  3 spriggan air magi
  3 spectral shadow dragons (Depths:3)
  2 spectral tengu (Depths:3)
  A hell beast (Zot:3)
  3 spectral sphinxes (Depths:3)
  2 caustic shrike simulacra (Depths:3)
  3 jorogumos (Spider:4)
  2 merfolk avatars (Shoals:3)
  2 radroaches
  6 dancing weapons
  7 boulder beetles
  A satyr (Shoals:4)
  16 centaur warriors
  A death knight (D:14)
  6 two-headed ogres
  7 merfolk aquamancers
  5 demonic crawlers
  6 death yaks
  5 deep troll earth magi
  7 tengu warriors
  6 deep troll shamans
  4 orc high priests (Orc:2)
  2 spriggans
  3 spectral storm dragons (Depths:3)
  7 vampire magi
  5 soul eaters
  6 spriggan berserkers
  Urug (D:15)
  A hell knight (Depths:2)
  3 sun demons (D:11)
  A sixfirhy (D:11)
  2 skysharks (Shoals:1)
  Nergalle (D:11)
  6 iron trolls
  A death drake (Depths:3)
  7 pharaoh ants
  4 sun moths
  7 sea snakes
  A spectral spark wasp (Depths:3)
  A sea snake (shapeshifter) (Vaults:2)
  A spark wasp zombie (Depths:2)
  14 orb spiders
  A glowing orange brain (Depths:3)
  Lodul (D:15)
  37 deep trolls
  4 flayed ghosts
  24 slime creatures
  A wizard (Vaults:2)
  2 orange crystal statues
  A swamp dragon (Lair:5)
  2 tengu zombies
  3 spectral iron dragons (Depths:3)
  9 lindwurms
  5 phantasmal warriors
  A deep elf archer (Vaults:5)
  12 ironbound convokers
  6 steelbarb worms
  2 deep elf zephyrmancers (Vaults:4)
  5 deep elf pyromancers
  10 harpies
  3 necromancers
  2 human zombies (Vaults:3)
  51 ugly things
  A sphinx zombie (Vaults:3)
  10 cyclopes
  5 orc knights
  2 tengu skeletons
  9 orc sorcerers
  A salamander (shapeshifter) (Vaults:4)
  22 wolf spiders
  14 manticores
  7 fauns
  2 stone giant skeletons (Vaults:3)
  Maurice (D:8)
  32 moths of wrath
  22 vault sentinels
  13 elephants
  4 black mambas
  13 merfolk sirens
  A rust devil (Depths:1)
  Maggie (D:6)
  8 water nymphs
  Joseph (D:10)
  A storm dragon simulacrum (Depths:3)
  A frost giant skeleton (Vaults:3)
  2 titan simulacra (Depths:3)
  8 cane toads
  A komodo dragon (shapeshifter) (Vaults:4)
  A hellion (Depths:3)
  An orange demon (Depths:1)
  7 torpor snails
  An unseen horror (D:9)
  45 yaktaurs
  2 rime drakes (Lair:5)
  7 komodo dragons
  A tormentor (Depths:1)
  4 spectral glowing shapeshifters (Depths:3)
  4 tengu conjurers
  A guardian mummy (Depths:4)
  13 trolls
  2 polar bears
  40 merfolk
  2 red devils
  4 meliai
  A yaktaur skeleton (Vaults:3)
  A meliai (shapeshifter) (D:15)
  A queen bee (Lair:1)
  A tengu simulacrum (Depths:3)
  20 tarantellas
  29 blink frogs
  A blink frog (shapeshifter) (D:14)
  11 wind drakes
  4 tyrant leeches (Lair:5)
  A sphinx simulacrum (Depths:3)
  3 dream sheep (Shoals:3)
  A dream sheep (shapeshifter) (Vaults:5)
  2 iron dragon simulacra (Depths:3)
  13 hornets
  10 snapping turtles
  A deep troll zombie (Vaults:3)
  A frost giant simulacrum (Depths:2)
  A jumping spider (shapeshifter) (Vaults:5)
  27 jumping spiders
  Sigmund (D:4)
  A flying skull (Vaults:3)
  7 wraiths
  6 basilisks
  23 culicivoras
  24 water elementals
  2 wyverns
  5 hogs
  16 humans
  A human (shapeshifter) (D:14)
  A fire elemental (D:12)
  42 yaks
  68 redbacks
  A redback simulacrum (D:14)
  A chaos spawn (D:6)
  Menkaure (D:6)
  4 vampire mosquitoes
  2 steam dragons (Lair:5)
  Edmund (D:6)
  5 large abominations
  9 wargs
  2 acid dragons
  A water moccasin (shapeshifter) (D:15)
  13 water moccasins
  Duvessa (D:4)
  A floating eye (Depths:3)
  5 hell hounds
  2 swamp drakes (Lair:5)
  A sky beast (D:6)
  A black bear (D:6)
  5 ice beasts
  52 orc warriors
  13 ogres
  8 wolves
  17 centaurs
  Blork the orc (D:5)
  6 bullfrogs
  3 kobold brigands
  A gnoll sergeant (Orc:2)
  2 scorpions
  A glowing shapeshifter simulacrum (Depths:3)
  3 wights (D:8)
  Dowan (D:4)
  24 killer bees
  7 electric eels
  10 howler monkeys
  3 hounds (D:5)
  A jelly (D:5)
  A gnoll bouda (Orc:2)
  39 orc priests
  8 iguanas
  16 orc wizards
  A small abomination (D:15)
  14 gnolls
  5 adders
  3 white imps
  An ufetubus (D:5)
  2 worms (D:3)
  3 dart slugs
  131 orcs
  9 endoplasms
  2 giant cockroaches
  6 goblins
  16 hobgoblins
  6 jackals
  6 quokkas
  9 ball pythons
  8 frilled lizards
  16 kobolds
  11 rats
  3 tentacles (Shoals:3)
2074 creatures vanquished.

Vanquished Creatures (collateral kills)
  A large abomination (D:15)
1 creature vanquished.

Vanquished Creatures (others)
  An Orb Guardian (Zot:5)
  A merfolk impaler (Shoals:4)
  A merfolk aquamancer (Shoals:1)
  A sea snake (Shoals:4)
  A wizard (Vaults:4)
  3 humans (Shoals:1)
  A redback (Spider:3)
  3 orcs
  5 tentacles (Shoals:3)
17 creatures vanquished.

Grand Total: 2092 creatures vanquished

Notes
Turn   | Place    | Note
-------+----------+-------------------------------------------
     0 | D:1      | Shard1697 the Naga Gladiator began the quest for the Orb.
     0 | D:1      | Reached XP level 1. HP: 19/19 MP: 1/1
   181 | D:1      | Reached XP level 2. HP: 19/26 MP: 2/2
   244 | D:1      | Found a faded altar of an unknown god.
   256 | D:1      | Prayed at the altar of an unknown god.
   256 | D:1      | Became a worshipper of Gozag Ym Sagoz the Greedy
   536 | D:1      | Reached XP level 3. HP: 31/32 MP: 3/3
  1257 | D:2      | Found a hazy altar of Hepliaklqana.
  1395 | D:2      | Reached XP level 4. HP: 36/39 MP: 4/4
  1399 | D:2      | Reached skill level 5 in Axes
  2061 | D:3      | Reached XP level 5. HP: 44/45 MP: 5/5
  2117 | D:3      | Found an iron altar of Okawaru.
  2817 | D:4      | Noticed an ogre
  2825 | D:4      | Killed an ogre
  2826 | D:4      | Reached XP level 6. HP: 55/55 MP: 6/6
  3116 | D:4      | Found a shadowy altar of Dithmenos.
  3160 | D:4      | Noticed Dowan
  3160 | D:4      | Noticed Duvessa
  3253 | D:4      | Killed Duvessa
  3257 | D:4      | Killed Dowan
  3447 | D:4      | Found a radiant altar of Vehumet.
  3600 | D:4      | Noticed Sigmund
  3610 | D:4      | Killed Sigmund
  3611 | D:4      | Reached XP level 7. HP: 54/64 MP: 7/7
  3908 | D:5      | Entered Level 5 of the Dungeon
  4063 | D:5      | Found a staircase to the Ecumenical Temple.
  4272 | D:5      | Reached skill level 5 in Fighting
  4422 | D:5      | Found a bloodstained altar of Trog.
  4446 | D:5      | Noticed a +0 hand axe
  4446 | D:5      | Noticed a +0 dagger
  4447 | D:5      | Found a hide-covered altar of Uskayaw.
  4499 | D:5      | Found a basalt altar of Yredelemnul.
  4511 | D:5      | Reached XP level 8. HP: 74/74 MP: 8/8
  4808 | D:5      | Found a sacrificial altar of Ru.
  4975 | D:6      | Noticed Blork the orc
  4975 | D:6      | Noticed Menkaure
  4991 | D:5      | Killed Blork the orc
  5049 | D:6      | Killed Menkaure
  5576 | D:6      | Noticed Edmund
  5582 | D:6      | Reached XP level 9. HP: 86/86 MP: 9/9
  5588 | D:6      | Killed Edmund
  5632 | D:6      | Noticed Maggie
  5644 | D:6      | Killed Maggie
  5721 | D:6      | Reached skill level 1 in Polearms
  6450 | D:7      | Identified the ring "Eletae" {+Blink rElec rC++ EV+5 Str+2}
  6540 | D:7      | Found Zonofam's General Store.
  6547 | D:7      | Bought a potion of heal wounds for 70 gold pieces
  6547 | D:7      | Bought a potion of curing for 42 gold pieces
  6547 | D:7      | Bought a scroll of identify for 28 gold pieces
  6597 | D:7      | Noticed a deep elf pyromancer
  6642 | D:7      | Killed a deep elf pyromancer
  6643 | D:7      | Reached skill level 5 in Polearms
  6967 | D:7      | Reached XP level 10. HP: 96/96 MP: 10/10
  7256 | D:8      | Noticed Maurice
  7274 | D:8      | Killed Maurice
  8043 | D:9      | Noticed a two-headed ogre
  8048 | D:9      | Reached skill level 5 in Stealth
  8053 | D:9      | Killed a two-headed ogre
  8201 | D:9      | Noticed a death yak
  8201 | D:9      | Noticed a death yak
  8201 | D:9      | Noticed a death yak
  8235 | D:9      | Killed a death yak
  8236 | D:9      | Reached skill level 10 in Polearms
  8248 | D:9      | Killed a death yak
  8249 | D:9      | Reached XP level 11. HP: 86/103 MP: 11/11
  8297 | D:9      | Killed a death yak
  8352 | D:9      | Found a staircase to the Lair.
  8508 | D:9      | Found Posontis's Armour Emporium.
  8518 | D:9      | Bought the +1 pair of gloves of Doomed Beauty {Will+ Dex+3}
                  | for 397 gold pieces
  8525 | D:9      | Bought a +1 chain mail of fire resistance for 231 gold
                  | pieces
  8615 | D:9      | Reached skill level 1 in Evocations
  8761 | D:9      | Found a staircase to the Orcish Mines.
  9307 | D:10     | Entered Level 10 of the Dungeon
  9412 | D:10     | Noticed Joseph
  9430 | D:10     | Killed Joseph
  9498 | D:10     | Noticed Josephine
  9529 | D:10     | Noticed a two-headed ogre
  9536 | D:10     | Killed a two-headed ogre
  9610 | D:10     | Killed Josephine
 10349 | D:11     | Noticed Nergalle
 10362 | D:11     | Killed Nergalle
 10363 | D:11     | Reached XP level 12. HP: 116/116 MP: 12/12
 10786 | D:12     | Reached skill level 5 in Dodging
 10786 | D:12     | Reached skill level 5 in Evocations
 10869 | D:12     | Reached skill level 10 in Fighting
 10968 | D:12     | You fall into a shaft and drop 3 floors!
 10968 | D:15     | Entered Level 15 of the Dungeon
 10975 | D:15     | Found a shadowy altar of Dithmenos.
 10993 | D:15     | Noticed a centaur warrior
 11003 | D:14     | Found Giylos's Antique Armour Boutique.
 11039 | D:14     | Bought a translucent plate armour for 700 gold pieces
 11039 | D:14     | Identified the +14 plate armour "Keowyel" {rN+ Will+ Int-3}
                  | (You bought it in a shop on level 14 of the Dungeon)
 11055 | D:15     | Noticed a tengu warrior
 11096 | D:14     | Killed a centaur warrior
 11114 | D:14     | Killed a tengu warrior
 11239 | D:14     | Noticed Lodul
 11239 | D:14     | Noticed Urug
 11239 | D:14     | Noticed Nessos
 11239 | D:14     | Found a gate to the Vaults.
 11295 | D:14     | Nessos changed into Nessos the wind drake
 11295 | D:14     | Noticed Nessos
 11299 | D:14     | Noticed a centaur warrior
 11324 | D:15     | Killed Lodul
 11325 | D:15     | Reached skill level 1 in Armour
 11325 | D:15     | Reached skill level 1 in Shields
 11380 | D:15     | Killed Nessos the wind drake
 11397 | D:15     | Reached skill level 2 in Shields
 11534 | D:15     | Killed Urug
 11535 | D:15     | Reached skill level 3 in Shields
 11575 | D:14     | Killed a centaur warrior
 11662 | D:14     | Noticed a fire dragon
 11677 | D:14     | Killed a fire dragon
 11770 | D:13     | Reached skill level 4 in Shields
 11770 | D:13     | Gained mutation: You can use your snake-like lower body to
                  | constrict enemies. [Naga growth]
 11770 | D:13     | Reached XP level 13. HP: 123/123 MP: 13/13
 11792 | D:13     | Noticed Rupert
 11801 | D:13     | Killed Rupert
 11921 | D:13     | Reached skill level 5 in Shields
 12060 | D:13     | Reached skill level 5 in Armour
 12108 | D:12     | Found a white marble altar of Elyvilon.
 12170 | D:12     | Noticed Azrael
 12186 | D:12     | Noticed Sonja
 12193 | D:12     | Killed Azrael
 12198 | D:12     | Sonja changed into Sonja the human
 12198 | D:12     | Noticed Sonja
 12199 | D:12     | Sonja the human changed into Sonja the hog
 12199 | D:12     | Noticed Sonja
 12203 | D:12     | Killed Sonja the hog
 12455 | D:12     | Identified a scroll of acquirement
 12456 | D:12     | Acquired the amulet "Ogebeo" {Spirit Slay+2}
 13162 | D:14     | Reached skill level 10 in Evocations
 13743 | D:14     | Reached XP level 14. HP: 132/132 MP: 14/14
 14147 | D:15     | Noticed a cyan very ugly thing
 14174 | D:15     | Killed a white very ugly thing
 14321 | D:15     | Found a staircase to the Depths.
 14522 | D:15     | Found Husidaomn's Jewellery Boutique.
 14526 | D:15     | Bought a +5 ring of evasion for 576 gold pieces
 14560 | D:15     | Found Dunian's Magic Scroll Shoppe.
 14573 | D:15     | Bought a scroll of teleportation for 48 gold pieces
 14671 | D:15     | Found Ussyxoxt's Weapon Shoppe.
 14909 | Lair:1   | Entered Level 1 of the Lair of Beasts
 15102 | Lair:1   | Noticed Fannar
 15121 | Lair:1   | Killed Fannar
 15122 | Lair:1   | Reached skill level 10 in Armour
 15134 | Lair:1   | You fall into a shaft and drop 1 floor!
 15582 | Lair:2   | Found a staircase to the Shoals.
 16100 | Lair:1   | Found a shadowy altar of Dithmenos.
 16792 | Lair:3   | Found a hole to the Spider Nest.
 17154 | Lair:3   | Reached XP level 15. HP: 137/141 MP: 15/15
 17419 | Lair:4   | Found a staircase to the Slime Pits.
 17927 | Lair:5   | Entered Level 5 of the Lair of Beasts
 19135 | Lair:5   | Found a runed translucent door.
 19248 | Lair:5   | Paralysed by a hornet for 2 turns
 19441 | Lair:5   | Reached skill level 10 in Stealth
 19695 | Orc:1    | Entered Level 1 of the Orcish Mines
 19894 | Orc:2    | Entered Level 2 of the Orcish Mines
 20217 | Orc:1    | Noticed an orc warlord
 20262 | Orc:1    | Killed an orc warlord
 20297 | Orc:1    | Noticed an orc warlord
 20334 | Orc:1    | Killed an orc warlord
 20903 | Orc:2    | Found Reatsuth's Antique Weapon Emporium.
 20916 | Orc:2    | Reached XP level 16. HP: 154/154 MP: 16/16
 20930 | Orc:2    | Found Vulopp's Antique Weapon Shoppe.
 21634 | Orc:2    | Found Nyan's Assorted Antiques.
 21648 | Orc:2    | Bought a wand of quicksilver (5) for 798 gold pieces
 21648 | Orc:2    | Bought a potion of curing for 114 gold pieces
 21648 | Orc:2    | Bought a brass wand for 152 gold pieces
 21669 | Orc:2    | Found Rongolie's Antique Weapon Boutique.
 21691 | Orc:2    | Gained mutation: You occasionally lose the ability to drink
                  | potions when taking damage. [a neqoxec]
 21953 | Orc:2    | Reached skill level 6 in Shields
 21963 | Orc:2    | Got the Almanac of Chilblains
 22019 | Orc:2    | Found a staircase to the Elven Halls.
 22631 | Spider:1 | Entered Level 1 of the Spider Nest
 22643 | Spider:1 | Paralysed by a hornet for 1 turns
 22870 | Spider:1 | Reached skill level 7 in Shields
 23289 | Spider:1 | Reached skill level 8 in Shields
 23684 | Spider:1 | Reached skill level 9 in Shields
 24367 | Spider:2 | Reached skill level 10 in Shields
 24385 | Spider:2 | Acquired a manual of Polearms
 24957 | Spider:2 | Reached XP level 17. HP: 140/164 MP: 14/17
 25517 | Spider:3 | Reached skill level 11 in Shields
 26727 | Spider:4 | Entered Level 4 of the Spider Nest
 26976 | Spider:4 | Reached skill level 12 in Shields
 27436 | Spider:4 | Reached skill level 15 in Polearms
 27761 | Spider:4 | Identified the +0 ring mail "Viminata" {Int+3}
 27812 | Spider:4 | Noticed Arachne
 27838 | Spider:4 | Killed Arachne
 27839 | Spider:4 | Reached skill level 13 in Shields
 28403 | Spider:4 | Got a gossamer rune of Zot
 28424 | Spider:4 | Reached XP level 18. HP: 163/171 MP: 16/18
 29315 | Shoals:1 | Entered Level 1 of the Shoals
 29433 | Shoals:1 | Reached skill level 14 in Shields
 29457 | Shoals:1 | Found Juzxacs's Book Boutique.
 29519 | Shoals:1 | Noticed Kirke
 29539 | Shoals:1 | Killed Kirke
 29639 | Shoals:1 | Noticed Jorgrun
 29651 | Shoals:1 | Killed Jorgrun
 29954 | Shoals:1 | Found Ucutiybb's Distillery.
 29982 | Shoals:1 | Found Hucsiol's Armour Shop.
 30011 | Shoals:1 | Bought a potion of might for 56 gold pieces
 30011 | Shoals:1 | Bought a potion of heal wounds for 70 gold pieces
 30116 | Shoals:1 | Found Viuts's Armour Shop.
 30324 | Shoals:1 | Noticed Roxanne
 30374 | Shoals:1 | Killed Roxanne
 30515 | Shoals:1 | Found Xiniynk's General Store.
 30518 | Shoals:1 | Bought a scroll of fog for 68 gold pieces
 30518 | Shoals:1 | Bought a scroll of enchant armour for 127 gold pieces
 30518 | Shoals:1 | Bought a potion of heal wounds for 85 gold pieces
 30518 | Shoals:1 | Bought a scroll of fog for 68 gold pieces
 30896 | Shoals:2 | Identified the +5 war axe of Pietysas {antimagic, *Rage rF+
                  | Int+5}
 31700 | Shoals:3 | Reached skill level 15 in Shields
 32016 | Shoals:3 | Found Itetymeo's Visitors' Centre.
 32095 | Shoals:3 | Found Itetymeo's Merfolk Armours.
 32095 | Shoals:3 | Found Itetymeo's Merfolk Magic.
 32098 | Shoals:3 | Bought a scroll of teleportation for 300 gold pieces
 32296 | Shoals:3 | Found a runed translucent gate.
 32296 | Shoals:3 | Found a runed translucent gate.
 32296 | Shoals:3 | Found a runed translucent gate.
 32367 | Shoals:3 | Noticed Cahom's ghost (adept MiBe)
 32441 | Shoals:3 | Killed Cahom's ghost
 32448 | Shoals:3 | Identified the ring of Grace {*Slow AC+4 Str+5 Dex+5}
 32950 | Shoals:4 | Entered Level 4 of the Shoals
 32952 | Shoals:4 | Noticed Ilsuiw
 33156 | Shoals:4 | Killed Ilsuiw
 33252 | Shoals:4 | Reached XP level 19. HP: 178/178 MP: 19/19
 33504 | Shoals:4 | Reached skill level 16 in Shields
 33585 | Shoals:4 | Found Huem's Armour Shop.
 33593 | Shoals:4 | Bought the +2 hat of Blue Salvation {Drain rC+ Str+6 Dex+3}
                  | for 619 gold pieces
 33717 | Shoals:4 | Identified the +0 ring mail of Alixitt {Harm Int+3 Dex+3}
 33719 | Shoals:4 | Acquired the ring "Zihexta" {rF+ rCorr Str+4}
 33721 | Shoals:4 | Acquired the +0 pair of fencer's gloves {Riposte Dex+3}
 33721 | Shoals:4 | Found the +0 pair of fencer's gloves {Riposte Dex+3}
 33833 | Shoals:4 | Identified the ring "Hidao" {Str+6 Dex+3}
 33898 | Shoals:4 | Found the +8 longbow "Zephyr" {speed, Dex+3 SInv}
 34002 | Shoals:4 | Identified the +0 cloak of Lyicwaic {Int+3}
 34161 | Shoals:4 | Got a barnacled rune of Zot
 34630 | Vaults:1 | Entered Level 1 of the Vaults
 34688 | Vaults:1 | Found a flickering gateway to a bazaar.
 34709 | Bazaar   | Entered a bazaar
 34723 | Bazaar   | Found Nihuheadd's Armour Emporium.
 34723 | Bazaar   | Found Cyammam's Book Shoppe.
 34728 | Bazaar   | Bought the +3 pair of gauntlets of War {Slay+5} for 522
                  | gold pieces
 34728 | Bazaar   | Found the +3 pair of gauntlets of War {Slay+5}
 34749 | Bazaar   | Found Agul's Armour Emporium.
 34749 | Bazaar   | Found Fusmed's Weapon Shoppe.
 34771 | Bazaar   | Found Pimecrasch's Armour Emporium.
 34787 | Bazaar   | Found Teazim's Armour Emporium.
 37069 | Vaults:2 | Reached skill level 17 in Shields
 37206 | Vaults:2 | Reached XP level 20. HP: 163/192 MP: 15/20
 37602 | Vaults:3 | Reached skill level 15 in Fighting
 37733 | Vaults:3 | Found a staircase to the Crypt.
 37924 | Vaults:3 | Identified the +0 orcbow "Testudinebane" {freeze, Contam
                  | rF- Str+6 Dex+3}
 39843 | Vaults:4 | Found a runed translucent gate.
 39843 | Vaults:4 | Found a runed translucent gate.
 39844 | Vaults:4 | Found a runed translucent gate.
 39844 | Vaults:4 | Noticed Pileu's ghost (adept DsFE)
 39916 | Vaults:4 | Killed Pileu's ghost
 40182 | Vaults:4 | Reached XP level 21. HP: 204/204 MP: 21/21
 40720 | Depths:1 | Entered Level 1 of the Depths
 40720 | Depths:1 | Found Fugungoe's Assorted Antiques.
 40737 | Depths:1 | Found Kigidurgh's Jewellery Shoppe.
 40744 | Depths:1 | Noticed Saint Roka
 40775 | Depths:1 | Killed Saint Roka
 40814 | Depths:1 | Found a gateway to Hell.
 40905 | Depths:1 | Bought a potion of haste for 310 gold pieces
 40938 | Depths:1 | Found a transporter.
 40943 | Depths:1 | Found a transporter.
 40945 | Depths:1 | Found Maosiduq's Weapon Shoppe.
 41201 | Depths:1 | Found a one-way gate to the infinite horrors of the Abyss.
 41297 | Depths:1 | Found a transporter.
 41303 | Depths:1 | Found a transporter.
 41449 | Depths:1 | Found a transporter.
 41484 | Depths:1 | Found a transporter.
 41595 | Depths:1 | Found a one-way gateway to a ziggurat.
 41806 | Depths:1 | Found a one-way gate leading to the halls of Pandemonium.
 42141 | Depths:2 | You fall into a shaft and drop 1 floor!
 42317 | Depths:3 | Reached skill level 15 in Evocations
 43099 | Depths:2 | Reached skill level 18 in Shields
 43660 | Depths:2 | Reached XP level 22. HP: 203/213 MP: 22/22
 44026 | Depths:4 | Entered Level 4 of the Depths
 44240 | Depths:4 | Found a gate to the Realm of Zot.
 44240 | Depths:4 | Noticed a golden dragon
 44256 | Depths:4 | Killed a golden dragon
 44583 | Depths:3 | Noticed an ancient lich
 44597 | Depths:3 | Killed an ancient lich
 45670 | Depths:4 | Found a portal to a secret trove of treasure.
 45952 | Depths:4 | Noticed Parghit
 45972 | Depths:4 | Noticed a juggernaut
 45987 | Depths:4 | Killed Parghit
 46007 | Depths:4 | Killed a juggernaut
 46164 | Depths:4 | Found a broken altar of Ashenzari.
 46543 | Depths:4 | Reached skill level 19 in Shields
 46548 | Depths:4 | Reached XP level 23. HP: 221/222 MP: 23/23
 46945 | Vaults:5 | Entered Level 5 of the Vaults
 47391 | Vaults:5 | Noticed an ancient lich
 47673 | Vaults:5 | Noticed a dread lich
 47722 | Vaults:5 | Noticed Frederick
 47737 | Vaults:4 | Killed an ancient lich
 47923 | Vaults:4 | Killed a dread lich
 48704 | Vaults:4 | Killed Frederick
 48705 | Vaults:4 | Reached skill level 20 in Shields
 48957 | Vaults:5 | Identified the amulet "Goti" {Acrobat +Blink rC- Dex+8}
 49100 | Vaults:5 | Found the ring of the Tortoise {AC+8}
 49105 | Vaults:5 | Identified the +2 leather armour of Qajon {Dex+3}
 49601 | Vaults:5 | Identified the +4 scale mail of Cheibriados's Anger {Int+5
                  | Dex-3}
 49626 | Vaults:5 | Got a silver rune of Zot
 49633 | Vaults:5 | Identified the scarf "Zerau" {+Inv, Str+2 Int+4}
 49686 | Vaults:5 | Identified the +1 leather armour of Subjectivity {Harm
                  | rElec rC+}
 49754 | Vaults:5 | Reached XP level 24. HP: 223/237 MP: 23/23
 50012 | Vaults:5 | Identified the +0 shortbow "Inkoxt" {heavy, rElec Int+3}
 50481 | Zot:1    | Entered Level 1 of the Realm of Zot
 50722 | Zot:1    | Reached skill level 21 in Shields
 51209 | Zot:1    | Identified the +8 double sword of Xaozaq {drain, rPois
                  | Will+ MP-9}
 51238 | Zot:1    | Identified the +6 double sword "Cuucup" {drain, *Corrode
                  | Str+4 Int+3 Dex+2}
 51379 | Zot:1    | Noticed an orb of fire
 51397 | Zot:1    | Gained mutation: You are weak. (Str -2) [an orb of fire]
 51398 | Zot:1    | Killed an orb of fire
 51424 | Zot:1    | Reached skill level 22 in Shields
 51427 | Zot:1    | Lost mutation: You occasionally lose the ability to drink
                  | potions when taking damage. [potion of mutation]
 51427 | Zot:1    | Lost mutation: You are weak. (Str -2) [potion of mutation]
 51427 | Zot:1    | Gained mutation: You are dopey. (Int -2) [potion of
                  | mutation]
 51427 | Zot:1    | Gained mutation: You have a pair of small horns on your
                  | head. [potion of mutation]
 51427 | Zot:1    | Gained mutation: You are vulnerable to heat. (rF-) [potion
                  | of mutation]
 51428 | Zot:1    | Lost mutation: You are dopey. (Int -2) [potion of mutation]
 51428 | Zot:1    | Lost mutation: You are vulnerable to heat. (rF-) [potion of
                  | mutation]
 51428 | Zot:1    | Gained mutation: Your skin changes colour to match your
                  | surroundings (Stealth+). [potion of mutation]
 51428 | Zot:1    | Gained mutation: You are agile. (Dex +4, Str/Int -1)
                  | [potion of mutation]
 51428 | Zot:1    | Gained mutation: You are frail. (-10% HP) [potion of
                  | mutation]
 51429 | Zot:1    | Lost mutation: You have a pair of small horns on your head.
                  | [potion of mutation]
 51429 | Zot:1    | Lost mutation: You are agile. (Dex +4, Str/Int -1) [potion
                  | of mutation]
 51429 | Zot:1    | Lost mutation: Your skin changes colour to match your
                  | surroundings (Stealth+). [potion of mutation]
 51429 | Zot:1    | Gained mutation: Your flesh is heat resistant. (rF+)
                  | [potion of mutation]
 51429 | Zot:1    | Gained mutation: You are agile. (Dex +4, Str/Int -1)
                  | [potion of mutation]
 52849 | Zot:2    | Reached skill level 23 in Shields
 53304 | Zot:3    | Found Utijuorgh's Changing Room.
 53336 | Zot:3    | Reached XP level 25. HP: 217/219 MP: 23/23
 54106 | Zot:4    | Reached skill level 24 in Shields
 54247 | Zot:4    | Identified the ring of the Moon {rElec rF+ rC+ Int+3}
 55023 | Zot:5    | Entered Level 5 of the Realm of Zot
 55023 | Zot:5    | Noticed a Killer Klown
 55025 | Zot:5    | Noticed an orb of fire
 55025 | Zot:5    | Noticed a Killer Klown
 55027 | Zot:5    | Noticed a Killer Klown
 55029 | Zot:5    | Reached XP level 26. HP: 222/227 MP: 23/23
 55031 | Zot:5    | Gained mutation: You occasionally lose the ability to read
                  | scrolls when taking damage. [an orb of fire]
 55044 | Zot:5    | Killed an orb of fire
 55047 | Zot:5    | Killed a Killer Klown
 55048 | Zot:5    | Reached skill level 25 in Shields
 55061 | Zot:5    | Killed a Killer Klown
 55084 | Zot:5    | Noticed a dread lich
 55084 | Zot:5    | Noticed a Killer Klown
 55095 | Zot:5    | Killed a dread lich
 55115 | Zot:5    | Killed a Killer Klown
 55123 | Zot:5    | Noticed a Killer Klown
 55123 | Zot:5    | Noticed an orb of fire
 55123 | Zot:5    | Noticed a Killer Klown
 55123 | Zot:5    | Noticed a Killer Klown
 55123 | Zot:5    | Noticed a Killer Klown
 55811 | Zot:5    | Noticed an ancient lich
 55860 | Zot:5    | Gained mutation: You are weak. (Str -2) [an orb of fire]
 55873 | Zot:5    | Gained mutation: You are dopey. (Int -2) [an orb of fire]
 55877 | Zot:5    | Reached skill level 26 in Shields
 55877 | Zot:5    | Gained mutation: You do not regenerate when monsters are
                  | visible. [an orb of fire]
 56306 | Zot:4    | Lost mutation: Your flesh is heat resistant. (rF+) [potion
                  | of mutation]
 56306 | Zot:4    | Lost mutation: You are agile. (Dex +4, Str/Int -1) [potion
                  | of mutation]
 56306 | Zot:4    | Lost mutation: You are weak. (Str -2) [potion of mutation]
 56306 | Zot:4    | Gained mutation: Your tail ends in a venomous barb. [potion
                  | of mutation]
 56306 | Zot:4    | Gained mutation: You occasionally shout uncontrollably at
                  | your foes. [potion of mutation]
 56306 | Zot:4    | Lost mutation: You are frail. (-10% HP) [potion of
                  | mutation]
 56306 | Zot:4    | Gained mutation: You have an increased reservoir of magic.
                  | (+10% MP) [potion of mutation]
 56307 | Zot:4    | Lost mutation: Your tail ends in a venomous barb. [potion
                  | of mutation]
 56307 | Zot:4    | Lost mutation: You do not regenerate when monsters are
                  | visible. [potion of mutation]
 56307 | Zot:4    | Lost mutation: You have an increased reservoir of magic.
                  | (+10% MP) [potion of mutation]
 56307 | Zot:4    | Gained mutation: You are somewhat resistant to further
                  | mutation. [potion of mutation]
 56358 | Zot:5    | Gained mutation: You can exhale a cloud of poison. [an orb
                  | of fire]
 56366 | Zot:5    | Killed an orb of fire
 56374 | Zot:5    | Killed a Killer Klown
 56385 | Zot:5    | Killed a Killer Klown
 56402 | Zot:5    | Reached XP level 27. HP: 238/261 MP: 23/23
 56949 | Zot:5    | Killed an ancient lich
 56950 | Zot:5    | Reached skill level 27 in Shields
 57014 | Zot:5    | Got the Orb of Zot
 57380 | D:15     | Noticed Joaf the pandemonium lord
 57391 | D:15     | Killed Joaf the pandemonium lord
 57559 | D:11     | Noticed Guedinia the pandemonium lord
 57929 | D:$      | Escaped with the Orb!

Illustrated notes

Levels and vault maps discovered:
D:1:      dpeg_arrival_simpleton_b, layout_basic, basic_ecumenical_altar
D:2:      layout_basic, basic_altar, roderic_st_hans_cross
D:3:      layout_loops_ring, mainiacjoe_overflow_paths, saegor_snake_ambush
D:4:      layout_basic, mainiacjoe_overflow_concentric_impassable,
          nicolae_vehumet_radiance, uniq_duvessa, uniq_sigmund
D:5:      layout_rooms, dancing_weapons_uskayaw,
          nicolae_ru_great_annihilating_truth,
          mainiacjoe_overflow_surrounded_room, lemuel_doored_altar,
          minmay_temple_entry_overgrown
D:6:      layout_layer_cave, minmay_fractal_squares_gapless_5, uniq_maggie,
          uniq_edmund, uniq_blork_the_orc, uniq_menkaure
D:7:      kennysheep_big_flooded_room, layout_basic, serial_shops, shop,
          feat_on_display
D:8:      layout_basic, uniq_maurice
D:9:      layout_layer_cave, dpeg_lair_monsters, erik_orc_3, serial_shops,
          shop_fountains, corexii_corridor_pit
D:10:     minmay_twisted_water, layout_gridville, uniq_josephine, uniq_joseph
D:11:     layout_stronghold, uniq_nergalle
D:12:     layout_roguey, elyvilon_altar_3, uniq_sonja, uniq_azrael
D:13:     layout_rooms, uniq_rupert
D:14:     minmay_thinvault, layout_gridville, david_vaults_3,
          chequers_serial_rivers_room_b, nicolae_take_the_stairs
D:15:     gammafunk_enter_depths_forms, layout_cross, serial_shops,
          nicolae_shop_tiny_waterfront, shop, nicolae_shop_back_alley_shop,
          glass_columns_a, nrook_campfire, grunt_dithmenos_smoke_and_mirrors
Lair:1:   layout_roguey [special_room_bee], basic_altar, grunt_megastairs_4,
          lemuel_fruit_fields, uniq_fannar
Lair:2:   layout_chaotic_city, minmay_shoals_entry_lonely_mermaid
Lair:3:   layout_gridlike, nicolae_spider_entry_lesser_pyramids,
          serial_bayou_shore_a
Lair:4:   layout_hall_layers, slime_entry_1
Lair:5:   guppyfry_lair_end_dragon, layout_loops_ring, wormcave
Shoals:1: layout_shoals, serial_shops, shop, nicolae_shop_tiny_glass,
          nicolae_shop_tiny_real_fake_doors, nicolae_book_shop_shelving,
          nicolae_shop_rolling_square, uniq_jorgrun, uniq_kirke, uniq_roxanne
Shoals:2: layout_shoals
Shoals:3: nicolae_shoals_mermall, layout_shoals, ebering_ghost_rock_garden
Shoals:4: shoals_end_simple, layout_shoals, shoal_ilsuiw, serial_shops,
          shop_fountains
Spider:1: layout_spider_delve, hangedman_spider_trapstep
Spider:2: layout_spider_delve, nicolae_spider_orb_run
Spider:3: layout_spider_delve
Spider:4: johnstein_spider_rune_arachne_lair
Orc:1:    layout_caves, rock_pile
Orc:2:    pubby_orc_utopia
Vaults:1: nicolae_vaults_tangram_2, ontoclasm_vaults_hangar, v_misc_22,
          nicolae_vaults_trapezoid_layered, nicolae_vaults_surprise_closet,
          ontoclasm_vaults_fault, hangedman_vaults_slice,
          nicolae_vaults_diamond_2, layout_vaults_quadrants, serial_shops,
          bzr_entry_islet
Vaults:2: vaults_room_pool, vaults_standard_mumra_lines, v_alt_pattern_3,
          v_rooms_4, nicolae_vaults_layer_cake_slice, v_alt_pattern_4,
          ontoclasm_vaults_misaligned, nicolae_vaults_angled_halls,
          st_spiral_rooms, nicolae_vaults_little_squares_5,
          layout_vaults_omnicross
Vaults:3: nicolae_vaults_offset_grid_hallway_4,
          nicolae_vaults_shipping_containers_5, vaults_dpeg_hooks, v_misc_26,
          nicolae_vaults_spaceships, v_misc_15, minmay_crypt_entry_simple_plaza,
          hangedman_vaults_unwind, vaults_mumra_hexcomb, grunt_vaults_trifunnel,
          hangedman_vaults_pinch, layout_vaults_maze
Vaults:4: ebering_ghost_rock_garden, nicolae_vaults_tetromino_L_2,
          nicolae_vaults_layer_cake_slice, v_alt_pattern_4,
          hangedman_vaults_nodes, v_misc_1, v_misc_25, vaults_dpeg_ring,
          v_alt_pattern_2, ontoclasm_vaults_claustrophobia,
          nicolae_vaults_rhombus_5, ontoclasm_vaults_pinch,
          nicolae_vaults_surprise_closet_hard, layout_vaults_omnibox
Vaults:5: serial_shops, uniq_frederick
Depths:1: layout_gridlike, enter_ziggurat_e, serial_shops,
          nicolae_shop_hallway_plus, shop, shop, chequers_decorated_corner,
          abyss_entry_small_statue_room, rand_demon_pan_entry_4, hell_entry,
          serial_nicolae_subway, nicolae_sub_station_stone,
          nicolae_sub_station_crystal, nicolae_sub_station_metal,
          uniq_saint_roka
Depths:2: minmay_angry_zag, layout_gridlike, grunt_decor_arrowhead, pan_entry,
          grunt_hell_entry_dis_mu
Depths:3: lemuel_river_lethe, hell_entry, abyss_entry
Depths:4: grunt_x_marks_the_spot, layout_gridlike, hell_entry,
          nicolae_trove_entry_path_of_doom, abyss_entry_crystal,
          cheibrodos_ashenzari_chains, uniq_parghit, uniq_josephina
Zot:1:    layout_gridlike, nicolae_rock_paper_scissors
Zot:2:    layout_onion, bh_zot_lava_cross
Zot:3:    layout_misc_corridors, nicolae_transmutations_shop
Zot:4:    layout_misc_corridors
Zot:5:    layout_twisted_circle

Skill      XL: |  1  2  3  4  5  6  7  8  9 10 11 12 13 14 15 16 17 18 19 20 21 22 23 24 25 26 27 |
---------------+----------------------------------------------------------------------------------+-----
Axes           | 4 5 6 7 9 |  9.4
Fighting       | 4 5 7 8 9 10 11 12 13 14 15 16 17 18 19 | 19.0
Polearms       | 6 10 11 12 13 16 18 | 18.8
Stealth        | 6 8 10 11 | 11.1
Evocations     | 4 7 10 11 15 | 15.1
Dodging        | 4 5 7 9 |  9.6
Armour         | 3 8 10 11 12 14 | 14.7
Shields        | 4 5 10 13 15 17 18 19 20 23 24 26 27 | 27.0
Throwing       | |  1.7

Action                     |  1- 3 |  4- 6 |  7- 9 | 10-12 | 13-15 | 16-18 | 19-21 | 22-24 | 25-27 || total
---------------------------+-------+-------+-------+-------+-------+-------+-------+-------+-------++-------
  Melee: War axe           |   110 |   137 |   123 |       |       |       |       |       |       ||   370
         Punch             |     1 |     1 |     1 |     5 |       |       |       |       |       ||     8
         Lance             |       |       |    83 |   649 |  1537 |  2117 |  1930 |  1523 |   776 ||  8615
         Constrict         |       |       |       |       |   231 |   313 |   246 |   211 |    83 ||  1084
  Throw: Throwing net      |       |     4 |     2 |       |       |       |       |       |       ||     6
 Invoke: Potion Petition   |       |       |       |       |     1 |       |       |       |     1 ||     2
Ability: Spit Poison       |       |     4 |     9 |     5 |     2 |     1 |       |       |       ||    21
  Evoke: Wand              |       |       |    11 |     8 |     2 |    30 |       |    16 |     6 ||    73
         Box of beasts     |       |       |       |       |       |       |       |       |     1 ||     1
    Use: Scroll            |       |    11 |     7 |     8 |     7 |     8 |     6 |     7 |    13 ||    67
         Potion            |       |       |       |     1 |       |     5 |     2 |     5 |    11 ||    24
   Stab: Held in net/web   |       |     1 |       |       |       |       |       |       |       ||     1
         Invisible         |       |       |     1 |       |       |       |     9 |     3 |       ||    13
         Paralysed         |       |       |     1 |       |       |       |       |       |       ||     1
         Sleeping          |       |       |       |     6 |       |       |       |       |       ||     6
         Distracted        |       |       |       |     1 |    10 |    12 |    21 |    15 |     5 ||    64
 Armour: Leather armour    |    21 |       |    20 |    31 |       |       |       |       |       ||    72
         Ring mail         |     7 |    26 |       |    35 |       |       |       |       |       ||    68
         Scale mail        |       |    25 |    52 |       |       |       |       |       |       ||    77
         Plate armour      |       |       |       |   168 |   526 |   678 |   495 |   525 |   230 ||  2622
  Dodge: Dodged            |    55 |    63 |    89 |   242 |   511 |   691 |   357 |   356 |   173 ||  2537
  Block: Buckler           |       |       |       |    28 |   194 |    26 |       |       |       ||   248
         Tower shield      |       |       |       |       |       |  1228 |  1134 |  1016 |   575 ||  3953
Riposte: Lance             |       |       |       |       |       |       |    42 |   346 |       ||   388

Table legend: (Time is in decaauts)
 A = Elapsed time spent in this place.
 B = Non-inter-level travel time spent in this place.
 C = Inter-level travel time spent in this place.
 D = Time resting spent in this place.
 E = Time spent auto-exploring this place.
 F = Levels seen in this place.
 G = Mean time per level.
                   A        B        C        D        E       F      G
               +--------+--------+--------+--------+--------+-----+--------+
         Total |  67443 |  62968 |   4475 |   4645 |  45345 |  45 | 1498.7 |
       Dungeon |  19586 |  17969 |   1617 |   1415 |  12951 |  15 | 1305.7 |
          Lair |   6098 |   5548 |    550 |    153 |   4477 |   5 | 1219.6 |
        Shoals |   5700 |   5463 |    237 |    138 |   3738 |   4 | 1425.0 |
   Spider Nest |   7473 |   7170 |    303 |    470 |   5464 |   4 | 1868.2 |
  Orcish Mines |   3197 |   3015 |    182 |      0 |   2343 |   2 | 1598.5 |
        Vaults |  10752 |   9916 |    836 |   1070 |   6970 |   5 | 2150.4 |
        Depths |   7204 |   6739 |    465 |    313 |   4927 |   4 | 1801.0 |
           Zot |   7295 |   7011 |    284 |   1085 |   4410 |   5 | 1459.0 |
        Bazaar |    135 |    135 |      0 |      0 |     61 |   1 |  135.0 |
               +--------+--------+--------+--------+--------+-----+--------+

Top non-repeatable levels by time:
Vaults:4: 3538 daAuts
Spider:4: 2709 daAuts
   Orc:2: 2379 daAuts
Vaults:3: 2047 daAuts
Depths:4: 1985 daAuts
Vaults:1: 1903 daAuts
  Lair:5: 1870 daAuts
Vaults:5: 1805 daAuts
Depths:1: 1789 daAuts
Depths:2: 1787 daAuts
     D:9: 1753 daAuts
    D:14: 1724 daAuts
Spider:1: 1697 daAuts
Shoals:3: 1677 daAuts
     D:6: 1657 daAuts
